 Dungeon Crawl Stone Soup version 0.20-a0-1016-g241539b (webtiles) character file.

5838 AlphabetPasta the Grappler (level 10, -19/82 (83) HPs)
             Began as a Ghoul Warper on Apr 15, 2017.
             Was an Elder of Wu Jian.
             Demolished by a two-headed ogre
             ... wielding a +0 giant club
              (27 damage)
             ... on level 9 of the Dungeon.
             The game lasted 00:48:58 (8563 turns).

AlphabetPasta the Grappler (Ghoul Warper)           Turns: 8563, Time: 00:48:59

HP:   -19/82 (83)   AC: 16    Str: 18    XL:     10   Next: 80%
MP:   15/15         EV: 11    Int: 11    God:    Wu Jian [****..]
Gold: 10            SH:  0    Dex:  8    Spells: 1/18 levels left

rFire    . . .     SeeInvis .     - Unarmed
rCold    + + .     Gourm    .   (no shield)
rNeg     + + +     Faith    .   g - +4 scale mail
rPois    ∞         Spirit   .   (no helmet)
rElec    .         Reflect  .   v - +1 cloak {rPois}
rCorr    .         Harm     .   (no gloves)
MR       .....                  k - +1 pair of boots
Stlth    ..........             (no amulet)
Regen    0.0/turn               G - +2 ring of strength
MPRegen  0.2/turn               e - ring of protection from cold (curse)

@: very slightly contaminated, rotting, invisible
A: rotting body, claws 1, carnivore 3, cold resistance 1, negative energy
resistance 3, inhibited regeneration, torment resistance, unbreathing
a: Serpent's Lash, Renounce Religion


You were on level 9 of the Dungeon.
You worshipped Wu Jian.
Wu Jian was greatly pleased with you.
You were not hungry.

You visited 2 branches of the dungeon, and saw 10 of its levels.
You also visited: Ossuary.

You collected 10 gold pieces.

Inventory:

Missiles
 b - 4 steel tomahawks
 d - 5 tomahawks of dispersal
 l - 10 tomahawks
 u - 8 javelins (quivered)
Armour
 a - a +0 leather armour
 g - a +4 scale mail (worn)
 k - a +1 pair of boots (worn)
 v - a +1 cloak of poison resistance (worn)
Jewellery
 e - a cursed ring of protection from cold (right claw)
 G - a +2 ring of strength (left claw)
Wands
 r - a wand of digging (11/24)
 C - a wand of digging (9/24)
Scrolls
 c - 2 scrolls of blinking
 m - 5 scrolls of remove curse
 n - 3 scrolls of teleportation
 E - 2 scrolls of identify
 F - a scroll of amnesia
Potions
 h - 4 potions of curing
 j - a potion of might
 p - a potion of brilliance
 q - a potion of flight
 t - 2 potions of cancellation
 x - 2 potions of ambrosia
 z - 3 potions of agility
 A - 2 potions of magic
Books
 y - a book of Conjurations

   Spells                             Type                      Level
   a - Magic Dart                     Conjuration                  1
   b - Searing Ray                    Conjuration                  2
   c - Dazzling Spray                 Conjuration/Hexes            3
   d - Fulminant Prism                Conjuration/Hexes            4
   e - Force Lance                    Conjuration/Translocation    4
   f - Iskenderun's Mystic Blast      Conjuration                  4
Comestibles
 f - 3 meat rations
 H - 2 chunks of flesh


   Skills:
 + Level 6.0 Fighting
 + Level 4.2 Throwing
 + Level 5.7 Armour
 + Level 4.9 Dodging
   Level 1.9 Shields
 * Level 8.5 Unarmed Combat
 + Level 4.6 Spellcasting
 * Level 7.0 Translocations


You had one spell level left.
You knew the following spells:

 Your Spells              Type           Power        Failure   Level  Hunger
a - Blink                 Tloc           N/A          8%          2    ##.....
b - Shroud of Golubria    Chrm/Tloc      ##........   24%         2    ##.....
c - Gell's Gravitas       Tloc           ###.......   12%         3    ###....
d - Lesser Beckoning      Tloc           ###.......   12%         3    ###....
e - Teleport Other        Tloc           ###.....     12%         3    ###....
f - Passage of Golubria   Tloc           N/A          38%         4    ####...


Dungeon Overview and Level Annotations

Branches:
Dungeon (9/15)             Temple (1/1) D:4            Lair (0/6) D:9
    Orc: D:9-12

Altars:
Ashenzari
Cheibriados
Dithmenos
Elyvilon
Fedhas
Gozag
Hepliaklqana
Kikubaaqudgha
Makhleb
Nemelex Xobeh
Okawaru
Qazlal
Ru
Sif Muna
Trog
Uskayaw
Vehumet
Wu Jian
Xom
Yredelemnul
Zin
The Shining One

Shops:
D:4 :

Annotations:
D:9 Maurice


Innate Abilities, Weirdness & Mutations

Your body is rotting away.
You thrive on raw meat.
You are immune to poison.
You have sharp fingernails.
You are carnivorous and can eat meat at any time.
Your flesh is cold resistant. (rC+)
You are immune to negative energy. (rN+++)
You do not regenerate when monsters are visible.
You are immune to unholy pain and torment.
You can survive without breathing.


Message History

You spin and attack the troll.
You catch the helpless troll completely off-guard!
You claw the troll!
The troll is severely wounded.
The troll bites you!
* * * LOW HITPOINT WARNING * * *
The troll closely misses you. x2
The centaur hits you but does no damage.
You spin and attack the two-headed ogre.
You claw the two-headed ogre!
The two-headed ogre is severely wounded.
You spin and attack the troll.
You barely miss the troll.
The troll is severely wounded.
The troll closely misses you. The troll misses you.
The troll closely misses you.
You spin and attack the two-headed ogre.
You claw the two-headed ogre!
The two-headed ogre is severely wounded.
The two-headed ogre hits you with a giant club!!
You die...

#...#........#.....#,,,,,,,,,,,
#...#........#,....#,,,,,,,,***
###...#........#,,...*******,***,
..#...#....)...##*#'#* *****,***,
..'...'.........###.# *,,,,,,,,,
..#...#...)).....##.# *,,,,,,,,*
..#####........#(##c#***,,,,,,,,*
.(.......###........#,,,,***+****
########÷# #....@OT.#,,,,,,,,,,,,
#<.....#.# #........#,,,,,,,,,,,,
####..)[.# #........#,,,,,,,,,,,,
...+...[.# #....#####*,,,,,,,,,,,
####.....# #....#,,*≈*,,,,,,,,,,,
,,,#.....# ######,,,,+,,,,,,,,,,,
**,#.....##### *≈≈≈≈*,,,,,,,,,,,
,,,#####.....# *******,,,,*****,
.,,,,,,+.....# **,>,,*,,,,* **


You could see a two-headed ogre, a troll and a centaur.

Vanquished Creatures
  Joseph (D:8)
  3 hippogriffs
  Prince Ribbit (D:8)
  5 yaks (D:8)
  A wyvern (D:8)
  3 hungry ghosts
  2 water moccasins (D:7)
  3 orc warriors
  A black bear (D:8)
  2 centaurs
  A sky beast (D:7)
  2 ogres
  A phantom (D:6)
  A big kobold (D:8)
  6 bullfrogs
  A wyvern zombie (D:7)
  4 scorpions
  4 killer bees (D:8)
  5 wights
  A howler monkey (D:4)
  3 crimson imps
  A bullfrog zombie (D:7)
  3 hounds
  A jelly (D:7)
  3 orc priests
  4 iguanas
  9 orc wizards
  7 worker ants
  2 hound skeletons
  13 mummies (Ossuary)
  2 worker ant zombies
  14 adders
  3 shadow imps
  2 adder skeletons (D:8)
  2 worms
  3 dart slugs
  2 leopard geckos
  33 orcs
  8 giant cockroaches
  2 gnoll zombies (D:3)
  8 goblins
  11 hobgoblins
  6 jackals
  4 quokkas
  4 ball pythons
  7 bats
  2 frilled lizards
  2 gnoll skeletons (Ossuary)
  A goblin skeleton (Ossuary)
  A jackal skeleton (D:8)
  15 kobolds
  A kobold skeleton (Ossuary)
  4 orc skeletons (Ossuary)
  A quokka zombie (D:8)
  7 rats
  11 rat skeletons (Ossuary)
250 creatures vanquished.

Vanquished Creatures (others)
  A worker ant (D:6)
  A frilled lizard (D:2)
2 creatures vanquished.

Grand Total: 252 creatures vanquished

Notes
Turn   | Place    | Note
-------+----------+-------------------------------------------
     0 | D:1      | AlphabetPasta the Ghoul Warper began the quest for the Orb.
     0 | D:1      | Reached XP level 1. HP: 17/17 MP: 2/2
    12 | D:1      | Reached skill level 1 in Armour
   141 | D:1      | Reached XP level 2. HP: 24/24 MP: 3/3
   160 | D:1      | Learned a level 2 spell: Blink
   163 | D:1      | Learned a level 2 spell: Shroud of Golubria
   341 | D:1      | Reached skill level 1 in Throwing
   413 | D:1      | Reached XP level 3. HP: 22/29 MP: 4/4
   908 | D:2      | Found a burning altar of Makhleb.
   911 | D:2      | Found a bloodstained altar of Trog.
   913 | D:2      | Found a deep blue altar of Sif Muna.
   937 | D:2      | Found a white marble altar of Elyvilon.
  1027 | D:2      | Found a glowing golden altar of the Shining One.
  1040 | D:2      | Found a hide-covered altar of Uskayaw.
  1042 | D:2      | Found a sparkling altar of Nemelex Xobeh.
  1226 | D:2      | Reached XP level 4. HP: 23/37 MP: 6/6
  1275 | D:2      | Reached skill level 3 in Unarmed Combat
  1746 | D:3      | Reached XP level 5. HP: 42/42 MP: 7/7
  1791 | D:3      | Learned a level 3 spell: Gell's Gravitas
  1883 | D:3      | Found a basalt altar of Yredelemnul.
  2481 | D:4      | Learned a level 3 spell: Gell's Gravitas
  2488 | D:4      | Found a radiant altar of Vehumet.
  2506 | D:4      | Reached skill level 4 in Unarmed Combat
  2506 | D:4      | Reached XP level 6. HP: 12/50 MP: 8/8
  2523 | D:4      | HP: 2/50 [hound (4)]
  2582 | D:4      | Found a staircase to the Ecumenical Temple.
  2621 | Temple   | Entered the Ecumenical Temple
  2671 | Temple   | Became a worshipper of the Wu Jian Council
  2712 | D:4      | Found Haeg's Book Shoppe.
  2937 | D:4      | You fall through a shaft for 3 floors!
  3005 | D:7      | Reached XP level 7. HP: 50/56 MP: 9/9
  3126 | D:7      | Found a sand-covered staircase.
  3136 | Ossuary  | Entered an ossuary
  3203 | Ossuary  | Reached * piety under Wu Jian
  3643 | Ossuary  | Reached skill level 5 in Unarmed Combat
  4014 | D:7      | Reached XP level 8. HP: 43/63 MP: 11/11
  4050 | D:6      | Found a shimmering altar of Xom.
  4122 | D:6      | Learned a level 3 spell: Lesser Beckoning
  4126 | D:6      | Learned a level 3 spell: Teleport Other
  4308 | D:6      | Reached ** piety under Wu Jian
  4517 | D:6      | Reached skill level 5 in Translocations
  4551 | D:5      | Entered Level 5 of the Dungeon
  5052 | D:5      | Reached skill level 6 in Unarmed Combat
  5795 | D:6      | Reached XP level 9. HP: 70/72 MP: 11/13
  6538 | D:7      | Found a shattered altar of Ashenzari.
  6885 | D:7      | Reached skill level 7 in Unarmed Combat
  7017 | D:7      | Reached skill level 5 in Fighting
  7343 | D:7      | Reached skill level 5 in Armour
  7518 | D:8      | Identified a scroll of acquirement
  7540 | D:8      | Reached XP level 10. HP: 66/81 MP: 15/15
  7611 | D:8      | Reached *** piety under Wu Jian
  7723 | D:8      | Noticed Joseph
  7758 | D:8      | Killed Joseph
  7758 | D:8      | Reached skill level 1 in Shields
  7763 | D:8      | Reached skill level 8 in Unarmed Combat
  7820 | D:8      | Learned a level 4 spell: Passage of Golubria
  8063 | D:8      | Noticed Prince Ribbit
  8074 | D:8      | Killed Prince Ribbit
  8291 | D:8      | Found an opulent altar of Gozag.
  8292 | D:8      | Found a glowing silver altar of Zin.
  8360 | D:9      | Reached **** piety under Wu Jian
  8412 | D:9      | Noticed Maurice
  8435 | D:9      | Paralysed by something for 5 turns
  8448 | D:9      | Paralysed by something for 6 turns
  8554 | D:9      | Noticed a two-headed ogre
  8563 | D:9      | Demolished by a two-headed ogre

Vault maps used:
D:1:      dpeg_arrival_rhombus
D:2:      elyvilon_altar_4, nicolae_overflow_hidden_temple, tso_metal_star,
          first_bread
D:3:      lemuel_zombie_altar_yredelemnul
D:4:      vehumet_crystals, minmay_temple_entry_grid, serial_shops, shop,
          minivault_26
D:6:      xom_confusion_cloud, st_stairs_5, minmay_misc_feat_tower
D:7:      kennysheep_little_box, enter_ossuary_2
D:8:      grunt_temple_overflow_gold_and_silver, uniq_joseph,
          uniq_prince_ribbit1
D:9:      david_lair_shrubbed, hangedman_fish_farm, uniq_maurice
Temple:   nicolae_temple_figure_zero
Ossuary:  ossuary_due_small_catacomb

Skill      XL: |  1  2  3  4  5  6  7  8  9 10 |
---------------+-------------------------------+-----
Armour         | 1 2 3 5 |  5.7
Throwing       | 1 2 3 4 |  4.2
Spellcasting   | 2 3 4 |  4.6
Translocations | 3 4 5 6 7 |  7.0
Dodging        | 2 3 4 |  4.9
Unarmed Combat | 3 4 5 6 7 8 |  8.5
Fighting       | 3 4 5 6 |  6.0
Shields        | 1 |  1.9

Action                   |  1- 3 |  4- 6 |  7- 9 | 10-12 || total
-------------------------+-------+-------+-------+-------++-------
Melee: Unarmed           |   123 |   319 |   712 |   332 ||  1486
       Punch             |       |     4 |     5 |     3 ||    12
Throw: Javelin           |       |       |    28 |     4 ||    32
 Cast: Shroud of Golubri |       |       |       |     1 ||     1
  Use: Scroll            |     3 |     8 |    10 |     3 ||    24
       Potion            |       |     4 |       |     2 ||     6
 Stab: Confused          |       |       |     1 |       ||     1
       Invisible         |       |       |       |     1 ||     1
  Eat: Chunk             |    33 |    44 |    55 |    56 ||   188
       Royal jelly       |       |       |     2 |       ||     2
       Meat ration       |       |       |     1 |       ||     1
Armor: Leather armour    |    33 |    59 |       |       ||    92
       Scale mail        |       |    44 |   247 |   119 ||   410
Dodge: Dodged            |    52 |   163 |   244 |   123 ||   582
